 Dungeon Crawl Stone Soup version 0.26.0-15-gc6cd9f700b (webtiles) character file.

Game seed: 1717736644038742982

154 EnegeticOcto the Stinger (level 5, -2/37 HPs)
             Began as a Gnoll Venom Mage on Jan 16, 2021.
             Killed from afar by an orc wizard (9 damage)
             ... with a puff of frost
             ... on level 3 of the Dungeon.
             The game lasted 00:04:02 (632 turns).

EnegeticOcto the Stinger (Gnoll Venom Mage)          Turns: 632, Time: 00:04:02

Health: -2/37      AC:  4    Str: 11    XL:     5   Next: 35%
Magic:  1/12       EV: 15    Int: 18    God:
Gold:   73         SH:  0    Dex: 15    Spells: 1/14 levels left

rFire    + . .     SeeInvis .   i - +5 quarterstaff (chaos)
rCold    . . .     Faith    .   (shield currently unavailable)
rNeg     . . .     Spirit   .   a - +0 robe
rPois    .         Reflect  .   d - +0 helmet
rElec    .         Harm     .   h - +0 cloak
rCorr    .         Rampage  .   (no gloves)
Will     .....                  (no boots)
Stlth    +++.......             (no amulet)
HPRegen  0.12/turn              o - ring of protection from fire
MPRegen  0.13/turn              (no ring)

@: hasted, very quick
A: distributed training, fangs 1, strong nose
a: no special abilities


You were on level 3 of the Dungeon.
You visited 1 branch of the dungeon, and saw 3 of its levels.

You collected 73 gold pieces.

Inventory:

Hand Weapons
 i - a +5 quarterstaff of chaos (weapon)
   (You took it off Crazy Yiuf on level 2 of the Dungeon)
Armour
 a - a +0 robe (worn)
 d - a +0 helmet (worn)
   (You took it off Robin on level 3 of the Dungeon)
 h - a +0 cloak (worn)
   (You took it off Crazy Yiuf on level 2 of the Dungeon)
 k - a +0 hat
   (You found it on level 2 of the Dungeon)
Jewellery
 o - a ring of protection from fire (left hand)
   (You found it on level 2 of the Dungeon)
Scrolls
 c - 5 scrolls of teleportation {unknown}
 f - 3 scrolls of identify {unknown}
 j - a scroll of remove curse {unknown}
 n - a scroll of amnesia {unknown}
Potions
 b - a potion of haste {@q4 !q}
 e - 3 potions of curing {unknown}
 g - 4 potions of flight {unknown}
 l - 2 potions of mutation {unknown}
 m - a potion of might {unknown}


   Skills:
 + Level 1.4 Fighting
 + Level 1.4 Short Blades
 + Level 1.4 Long Blades
 + Level 1.4 Axes
 + Level 1.4 Maces & Flails
 + Level 1.4 Polearms
 + Level 1.4 Staves
 + Level 1.4 Slings
 + Level 1.4 Bows
 + Level 1.4 Crossbows
 + Level 1.4 Throwing
 + Level 1.4 Armour
 + Level 4.8 Dodging
 + Level 4.4 Stealth
 + Level 1.4 Shields
 + Level 1.4 Unarmed Combat
 + Level 5.2 Spellcasting
 + Level 1.1 Conjurations
 + Level 1.1 Hexes
 + Level 1.1 Summonings
 + Level 1.1 Necromancy
 + Level 1.1 Translocations
 + Level 2.4 Transmutations
 + Level 1.1 Fire Magic
 + Level 1.1 Ice Magic
 + Level 1.1 Air Magic
 + Level 1.1 Earth Magic
 + Level 5.5 Poison Magic
 + Level 1.6 Invocations
 + Level 1.4 Evocations


You had one spell level left.
You knew the following spells:

 Your Spells              Type           Power        Failure   Level
a - Sting                 Tmut/Pois      76%          2%          1
b - Poisonous Vapours     Pois/Air       32%          4%          2
c - Olgreb's Toxic Radia  Pois           24%          13%         4
d - Mephitic Cloud        Conj/Pois/Air  14%          13%         3
e - Ignite Poison         Fire/Tmut/Pois 15%          11%         3

Your spell library contained the following spells:

 Spells                   Type           Power        Failure   Level


Dungeon Overview and Level Annotations

Branches:
Dungeon (3/15)

Altars:
Makhleb


Innate Abilities, Weirdness & Mutations

Your experience applies equally to all skills.
You have very sharp teeth.
Your uncanny sense of smell can sniff out nearby items.


Message History

You closely miss the hobgoblin. Your bite misses the hobgoblin.
The hobgoblin is severely wounded.
The hobgoblin hits you. The hobgoblin closely misses you.
You hit the hobgoblin. You burn the hobgoblin.
You kill the hobgoblin!
e - 3 golden potions (gained 1)
Items here: ))) †.
You start removing your armour.
You continue taking off your +0 hat. x4
You finish taking off your +0 hat.
You start putting on your armour.
You continue putting on your +0 helmet. x2
Keep equipping yourself? [Y]es or [N]o only, please.
Keep equipping yourself?
You continue putting on your +0 helmet. x3
You finish putting on your +0 helmet.
Casting: Sting (safe; 2% risk of failure)
Confirm with . or Enter, or press ? or * to list all spells.
Aiming: Poisonous Vapours (safe; 4% risk of failure)
Press: ? - help, Dir - move target, f - bat
Aim: a bat Poisonous vapours surround the bat!
The bat is engulfed in poison gas.
The bat is poisoned.
The bat closely misses you.
Things that are here:
a +0 dagger; a goblin corpse An orc comes into view.
It is wielding a +0 club.
You see here a +0 short sword.
The bat completely misses you.
Found a stone staircase leading up.
The orc shouts!
You hear a shout!
You kill the bat!
An orc comes into view.
Casting: Poisonous Vapours (safe; 4% risk of failure)
Confirm with . or Enter, or press ? or * to list all spells.
Aiming: Poisonous Vapours (safe; 4% risk of failure)
Press: ? - help, Dir - move target, f - orc
Aim: an orc, wielding a +0 club Poisonous vapours surround the orc!
The orc shouts!
You hear a shout!
The orc is engulfed in poison gas.
The orc is poisoned.
The orc drinks a potion.
The orc seems to speed up.
Casting: Poisonous Vapours (safe; 4% risk of failure)
Confirm with . or Enter, or press ? or * to list all spells.
Aiming: Poisonous Vapours (safe; 4% risk of failure)
Press: ? - help, Dir - move target, f/p - orc
Aim: an orc, wielding a +0 club (heavily wounded, fast, poisoned) Poisonous vapours surround the orc!
The orc is engulfed in poison gas.
The orc looks even sicker.
You kill the orc!
Casting: Poisonous Vapours (safe; 4% risk of failure)
Confirm with . or Enter, or press ? or * to list all spells.
You don't have enough magic to cast that spell.
Unknown command.
You see here a +0 club.
You barely miss the orc.
An orc wizard comes into view. It is wielding a +0 dagger.
The orc hits you.
You hit the orc.
The orc is poisoned.
The orc is heavily wounded.
An orc priest comes into view.
Casting: Poisonous Vapours (safe; 4% risk of failure)
Confirm with . or Enter, or press ? or * to list all spells.
Aiming: Sting (safe; 2% risk of failure)
Press: ? - help, Shift-Dir - straight line, f - orc priest
Aim: an orc priest (wandering, hasn't noticed you, 26% to evade)
The sting hits the orc priest.
The orc priest is poisoned.
The orc priest is moderately wounded.
The orc priest shouts!
The orc hits you.
The orc priest invokes the aid of Beogh against you.
Beogh smites you!
The orc wizard gestures at you while chanting.
The puff of flame hits you. You resist.
* * * LOW HITPOINT WARNING * * *
Really quaff
b - 2 potions of haste {@q4 !q}?
You feel yourself speed up.
You kill the orc!
You hit the orc priest but do no damage.
The orc priest is moderately wounded.
The orc wizard hits you but does no damage.
The orc priest misses you.
You thump the orc priest! You burn the orc priest.
You kill the orc priest!
The orc wizard barely misses you.
You hit the orc wizard.
Lightning courses through the orc wizard!
The orc wizard is almost dead.
You closely miss the orc wizard. Your bite misses the orc wizard.
The orc wizard is almost dead.
The orc wizard gestures at itself while chanting.
The orc wizard flickers and vanishes!
Deactivating autopickup; reactivate with Ctrl-A.
You closely miss something. Something barely misses you.
You miss something. Something hits you.
* * * LOW HITPOINT WARNING * * *
You miss something. Your bite misses something.
You hear some strange, mumbled words.
A puff of frost appears from out of thin air!
The puff of frost hits you!
You die...

#### #..
#.#######
####..[....##.
##.....@{......
#).)#.#####<##.
###.<)#.#####
#...)))).)...
#.....†....##
#............
##....#.###.#
#....#.# .#
#.#.##.#


There were no monsters in sight!

Vanquished Creatures
  An orc priest (D:3)
  Crazy Yiuf (D:2)
  Robin (D:3)
  4 adders (D:2)
  2 worms (D:2)
  2 dart slugs (D:1)
  A leopard gecko (D:2)
  2 orcs (D:3)
  7 goblins
  8 hobgoblins
  A quokka (D:2)
  A ball python (D:2)
  A bat (D:3)
  A frilled lizard (D:1)
  8 kobolds
  3 rats
44 creatures vanquished.

Vanquished Creatures (others)
  2 plants (D:3)
2 creatures vanquished.

Grand Total: 46 creatures vanquished

Notes
Turn   | Place    | Note
-------+----------+-------------------------------------------
     0 | D:1      | EnegeticOcto the Gnoll Venom Mage began the quest for the
                  | Orb.
     0 | D:1      | Reached XP level 1. HP: 13/13 MP: 6/6
    70 | D:1      | Reached skill level 2 in Transmutations
    92 | D:1      | Reached XP level 2. HP: 11/19 MP: 4/7
    97 | D:1      | Learned a level 2 spell: Poisonous Vapours
   151 | D:1      | You fall into a shaft and drop 1 floor!
   185 | D:2      | Found a runed translucent door.
   186 | D:2      | Noticed Crazy Yiuf
   197 | D:2      | Killed Crazy Yiuf
   198 | D:2      | Reached skill level 5 in Spellcasting
   198 | D:2      | Reached XP level 3. HP: 18/25 MP: 3/9
   225 | D:2      | Reached skill level 1 in Invocations
   245 | D:2      | Reached skill level 1 in Fighting
   245 | D:2      | Reached skill level 1 in Short Blades
   245 | D:2      | Reached skill level 1 in Long Blades
   245 | D:2      | Reached skill level 1 in Axes
   245 | D:2      | Reached skill level 1 in Maces & Flails
   245 | D:2      | Reached skill level 1 in Polearms
   245 | D:2      | Reached skill level 1 in Staves
   245 | D:2      | Reached skill level 1 in Slings
   245 | D:2      | Reached skill level 1 in Bows
   245 | D:2      | Reached skill level 1 in Crossbows
   245 | D:2      | Reached skill level 1 in Throwing
   245 | D:2      | Reached skill level 1 in Armour
   245 | D:2      | Reached skill level 1 in Shields
   245 | D:2      | Reached skill level 1 in Unarmed Combat
   245 | D:2      | Reached skill level 1 in Evocations
   288 | D:2      | Found a burning altar of Makhleb.
   303 | D:2      | Reached XP level 4. HP: 18/32 MP: 8/11
   507 | D:2      | Reached skill level 1 in Conjurations
   507 | D:2      | Reached skill level 1 in Hexes
   507 | D:2      | Reached skill level 1 in Summonings
   507 | D:2      | Reached skill level 1 in Necromancy
   507 | D:2      | Reached skill level 1 in Translocations
   507 | D:2      | Reached skill level 1 in Fire Magic
   507 | D:2      | Reached skill level 1 in Ice Magic
   507 | D:2      | Reached skill level 1 in Air Magic
   507 | D:2      | Reached skill level 1 in Earth Magic
   564 | D:3      | Noticed Robin
   572 | D:2      | Learned a level 4 spell: Olgreb's Toxic Radiance
   576 | D:2      | Learned a level 3 spell: Mephitic Cloud
   580 | D:2      | Learned a level 3 spell: Ignite Poison
   586 | D:3      | Killed Robin
   591 | D:3      | Reached XP level 5. HP: 35/37 MP: 3/12
   632 | D:3      | Killed from afar by an orc wizard

Illustrated notes

Levels and vault maps discovered:
D:1:      wander_arrival_fairy_ring, layout_loops_corners, minmay_box_of_dots
D:2:      layout_basic, lemuel_doored_altar, uniq_crazy_yiuf_cottage
D:3:      layout_loops_ring, bloody_trog, ashenzari_conservatory_becter,
          serial_bayou_ford_a, uniq_terence, uniq_robin, uniq_jessica

Skill      XL: |  1  2  3  4 |
---------------+-------------+-----
Transmutations | 2 |  2.4
Spellcasting   | 5 |  5.2
Invocations    | 1 |  1.6
Fighting       | 1 |  1.4
Short Blades   | 1 |  1.4
Long Blades    | 1 |  1.4
Axes           | 1 |  1.4
Maces & Flails | 1 |  1.4
Polearms       | 1 |  1.4
Staves         | 1 |  1.4
Slings         | 1 |  1.4
Bows           | 1 |  1.4
Crossbows      | 1 |  1.4
Throwing       | 1 |  1.4
Armour         | 1 |  1.4
Shields        | 1 |  1.4
Unarmed Combat | 1 |  1.4
Evocations     | 1 |  1.4
Conjurations   | 1 |  1.1
Hexes          | 1 |  1.1
Summonings     | 1 |  1.1
Necromancy     | 1 |  1.1
Translocations | 1 |  1.1
Fire Magic     | 1 |  1.1
Ice Magic      | 1 |  1.1
Air Magic      | 1 |  1.1
Earth Magic    | 1 |  1.1
Dodging        | |  4.8
Stealth        | |  4.4
Poison Magic   | |  5.5

Action                   |  1- 3 |  4- 6 || total
-------------------------+-------+-------++-------
Melee: Unarmed           |     2 |       ||     2
       Quarterstaff      |    12 |    32 ||    44
       Bite              |     1 |     2 ||     3
 Cast: Sting             |    13 |    13 ||    26
       Poisonous Vapours |     4 |     7 ||    11
       Olgreb's Toxic Ra |       |     1 ||     1
  Use: Scroll            |       |     1 ||     1
       Potion            |       |     1 ||     1
Armor: Robe              |     1 |     4 ||     5
Dodge: Dodged            |    10 |    20 ||    30
